 Dungeon Crawl Stone Soup version 0.29-a0-11-ga75d3d97ab (webtiles) character file.

Game seed: 871653577808495384

2895 Gildeon the Basher (level 9, -5/54 HPs)
             Began as a Gargoyle Fighter on Jan 28, 2022.
             Was a Believer of the Shining One.
             Slain by an orc warrior (12 damage)
             ... in a bailey.
             The game lasted 00:15:39 (8026 turns).

Gildeon the Basher (Gargoyle Fighter)               Turns: 8026, Time: 00:15:39

Health: -5/54      AC: 20    Str: 23    XL:     9   Next: 77%
Magic:  9/9        EV:  9    Int:  8    God:    the Shining One [**....]
Gold:   373        SH:  5    Dex: 11    Spells: 8/8 levels left

rFire   + . .      SeeInvis .   C - +5 morningstar
rCold   . . .      Faith    .   c - +0 buckler
rNeg    + + .      Spirit   .   h - +4 scale mail {rF+}
rPois   ∞          Reflect  .   (no helmet)
rElec   +          Harm     .   (no cloak)
rCorr   .          Rampage  .   l - +0 pair of gloves
Will    .....                   b - +0 pair of boots
Stlth   ..........              (no amulet)
HPRegen 0.18/turn               (no ring)
MPRegen 0.11/turn               (no ring)

@: glowing
A: sickness immunity, AC +6, negative energy resistance 1, electricity
resistance, torment resistance 1, petrification resistance
a: Renounce Religion, Divine Shield


You were in a bailey.
You worshipped the Shining One.
The Shining One was pleased with you.
You visited 2 branches of the dungeon, and saw 8 of its levels.
You also visited: Sewer and Bailey.

You collected 373 gold pieces.

Inventory:

Hand Weapons
 C - a +5 morningstar (weapon)
Missiles
 y - a throwing net (quivered)
Armour
 b - a +0 pair of boots (worn)
 c - a +0 buckler (worn)
 h - a +4 scale mail of fire resistance (worn)
 l - a +0 pair of gloves (worn)
 n - a +0 plate armour
 x - a +2 scale mail of willpower
Jewellery
 r - a ring of ice
Wands
 a - a wand of paralysis (8)
 p - a wand of flame (25)
Scrolls
 e - a scroll of amnesia
 f - a scroll of immolation {unknown}
 j - a scroll of holy word {unknown}
 k - a scroll of fog {unknown}
 m - 4 scrolls of teleportation
 t - a scroll of magic mapping
 v - a scroll of fear {unknown}
 A - 2 scrolls of vulnerability {unknown}
 B - a scroll of brand weapon {unknown}
Potions
 d - 4 potions of might
 i - a potion of flight
 s - 2 potions of magic
 u - a potion of heal wounds
 z - 2 potions of curing {unknown}


   Skills:
 - Level 5.0 Fighting
 * Level 11.8 Maces & Flails
 - Level 5.0 Armour
 - Level 5.0 Shields
 + Level 1.2 Evocations


You had 8 spell levels left.
You didn't know any spells.
Your spell library contained the following spells:

 Spells                   Type           Power      Damage    Failure   Level
 Beastly Appendage        Tmut           0%         N/A       80%         1
 Magic Dart               Conj           0%         1d3       80%         1
 Ensorcelled Hibernation  Hex/Ice        0%         N/A       90%         2
 Searing Ray              Conj           0%         2d4       90%         2
 Wereblood                Tmut           0%         N/A       90%         2
 Spider Form              Tmut/Pois      0%         N/A       99%         3
 Anguish                  Hex/Necr       0%         N/A       100%        4
 Fulminant Prism          Conj/Hex       0%         3d6       100%        4


Dungeon Overview and Level Annotations

Branches:
Dungeon (7/15)             Temple (1/1) D:6           Sewer (visited)
 Bailey (1/1)

Altars:
Ashenzari
Cheibriados
Dithmenos
Elyvilon
Gozag
Kikubaaqudgha
Makhleb
Nemelex Xobeh
Okawaru
Qazlal
Sif Muna
Uskayaw
Vehumet
Wu Jian
Xom
Yredelemnul
Zin
The Shining One

Shops:
D:6 :


Innate Abilities, Weirdness & Mutations

You are immune to sickness and miasma.
Your stone body is resilient. (AC +6)
You are immune to poison.
You resist negative energy. (rN+)
You are resistant to electric shocks. (rElec)
You are resistant to unholy torment.
You are immune to petrification.


Message History

You block the orc's attack.
Your Evocations skill increases to level 1!
You impale the orc!!
You kill the orc!
You see here a +0 spear.
d - 4 potions of might (gained 2)
Things that are here:
a +0 halberd; a +0 scale mail You see here a +0 war axe.
You see here a +0 halberd.
Things that are here:
a +0 spear; a +0 spear; an orc corpse
Things that are here:
a +0 glaive; a +0 scale mail; an orc corpse You start resting.
An orc warrior is nearby!
The orc warrior shouts!
The orc warrior drinks a potion.
The orc warrior seems to speed up.
There is an open door here.
You start resting.
The orc warrior hits you but does no damage.
The orc warrior hits you with a +0 trident.
You hit the orc warrior but do no damage.
The orc warrior hits you with a +0 trident.
* * * LOW HITPOINT WARNING * * *
The orc warrior hits you with a +0 trident.
* * * LOW HITPOINT WARNING * * *
You closely miss the orc warrior. You block the orc warrior's attack.
You puncture the orc warrior!
The orc warrior is moderately wounded.
The orc warrior hits you with a +0 trident!
* * * LOW HITPOINT WARNING * * *
You hit the orc warrior.
The orc warrior is heavily wounded.
The orc warrior closely misses you.
The orc warrior hits you but does no damage.
You barely miss the orc warrior.
The orc warrior is moderately wounded.
The orc warrior hits you with a +0 trident!
You die...

#.......#
#.......#
#..#.#..#
#.##8##)#
#..#)#))#
#...).))#
#....)).#
#.......#
##...@.##
###o###
#...#
#)).#
#)).#
#.))#
##'##
....
#......


You could see an orc warrior (fast).

Vanquished Creatures
  Prince Ribbit (D:6)
  Grinder (D:5)
  Edmund (D:5)
  A water moccasin (D:3)
  Duvessa (D:5)
  3 orc warriors
  A necrophage (D:6)
  An ice beast (D:6)
  3 ogres
  A centaur (D:6)
  A phantom (D:5)
  2 kobold brigands (Sewer)
  Blork the orc (D:5)
  A bullfrog (D:6)
  A scorpion (D:4)
  A water moccasin zombie (D:6)
  Dowan (D:5)
  A water moccasin skeleton (D:5)
  A howler monkey (D:6)
  2 centaur zombies (D:6)
  A centaur skeleton (D:7)
  3 jellies
  3 orc priests
  A hound (D:6)
  A bullfrog skeleton (D:4)
  An iguana (D:4)
  4 orc wizards
  10 adders
  6 river rats
  A white imp (D:5)
  An ufetubus (D:4)
  9 worms
  A dart slug (D:1)
  30 orcs
  3 bats
  6 endoplasms
  4 giant cockroaches
  7 goblins
  11 hobgoblins
  3 jackals
  4 quokkas
  12 ball pythons
  5 frilled lizards
  16 kobolds
  12 rats
181 creatures vanquished.

Vanquished Creatures (others)
  9 plants (Sewer)
9 creatures vanquished.

Grand Total: 190 creatures vanquished

Notes
Turn   | Place    | Note
-------+----------+-------------------------------------------
     0 | D:1      | Gildeon the Gargoyle Fighter began the quest for the Orb.
     0 | D:1      | Reached XP level 1. HP: 14/14 MP: 1/1
   149 | D:1      | Reached XP level 2. HP: 19/19 MP: 2/2
   343 | D:1      | Reached skill level 3 in Maces & Flails
   703 | D:1      | Reached XP level 3. HP: 13/23 MP: 3/3
  1485 | D:2      | Reached skill level 4 in Maces & Flails
  1903 | D:2      | Reached XP level 4. HP: 22/28 MP: 4/4
  2717 | D:3      | Found a radiant altar of Vehumet.
  2772 | D:3      | Noticed a water moccasin
  2786 | D:3      | Killed a water moccasin
  2787 | D:3      | Reached skill level 5 in Maces & Flails
  2787 | D:3      | Reached XP level 5. HP: 21/32 MP: 5/5
  3178 | D:4      | Found an iron altar of Okawaru.
  3182 | D:4      | Reached skill level 6 in Maces & Flails
  3182 | D:4      | Reached XP level 6. HP: 26/37 MP: 6/6
  3434 | D:4      | Found a glowing golden altar of the Shining One.
  3436 | D:4      | Found a glowing silver altar of Zin.
  3437 | D:4      | Found a white marble altar of Elyvilon.
  3441 | D:4      | Became a worshipper of the Shining One
  3782 | D:4      | Reached skill level 7 in Maces & Flails
  3782 | D:4      | Reached XP level 7. HP: 9/43 MP: 7/7
  4291 | D:5      | Entered Level 5 of the Dungeon
  4648 | D:5      | Noticed Grinder
  4656 | D:5      | Paralysed by Grinder for 6 turns
  4670 | D:5      | Paralysed by Grinder for 3 turns
  4678 | D:5      | Killed Grinder
  4679 | D:5      | Reached skill level 5 in Fighting
  4679 | D:5      | Reached skill level 8 in Maces & Flails
  4679 | D:5      | Reached XP level 8. HP: 27/49 MP: 8/8
  4893 | D:5      | Reached * piety under the Shining One
  5044 | D:5      | Found a glowing drain.
  5059 | Sewer    | Entered a sewer
  5346 | Sewer    | Reached skill level 9 in Maces & Flails
  5762 | D:5      | Noticed Duvessa
  5765 | D:5      | Noticed Edmund
  5775 | D:5      | Killed Duvessa
  5785 | D:5      | Killed Edmund
  5807 | D:5      | Noticed Dowan
  5814 | D:5      | Killed Dowan
  6117 | D:5      | Noticed Blork the orc
  6128 | D:5      | Killed Blork the orc
  6129 | D:5      | Reached skill level 5 in Armour
  6213 | D:5      | Reached skill level 10 in Maces & Flails
  6438 | D:6      | Reached XP level 9. HP: 54/54 MP: 9/9
  6462 | D:6      | Found a hide-covered altar of Uskayaw.
  6471 | D:6      | Noticed Prince Ribbit
  6496 | D:6      | Killed Prince Ribbit
  6643 | D:6      | Found a shimmering blue altar of Sif Muna.
  6720 | D:6      | Reached skill level 11 in Maces & Flails
  6734 | D:6      | Found a staircase to the Ecumenical Temple.
  6745 | Temple   | Entered the Ecumenical Temple
  7017 | D:6      | Found Deric's Book Emporium.
  7161 | D:6      | Found a sparkling altar of Nemelex Xobeh.
  7319 | D:6      | Found a broken altar of Ashenzari.
  7559 | D:6      | Reached skill level 5 in Shields
  7635 | D:7      | Found a flagged portal.
  7648 | D:7      | Reached ** piety under the Shining One
  7659 | Bailey   | Entered a bailey
  7982 | Bailey   | Reached skill level 1 in Evocations
  8026 | Bailey   | Slain by an orc warrior

Illustrated notes

Levels and vault maps discovered:
D:1:      heliophobic_arrival_enchanted_forest, layout_rooms,
          kennysheep_crisscross, minivault_11
D:2:      layout_basic, chequers_mini_garden, nrook_loot_triangle
D:3:      layout_loops_ring, vehumet_altar_wand_db,
          amcnicky_mini_corridor_feature, corexii_hall_statues_l
D:4:      layout_loops_ring, good_gods_temple_1, mainiacjoe_overflow_catwalk
D:5:      layout_basic, lightli_sewer_entry_pipes, uniq_blork_the_orc,
          uniq_edmund, uniq_duvessa, uniq_grinder
D:6:      layout_basic, lemuel_doored_altar, nicolae_overflow_hidden_temple,
          nicolae_uskayaw_murder_on_the_dancefloor,
          mainiacjoe_overflow_alcove_4, minmay_temple_entry_tees, serial_shops,
          nicolae_take_the_stairs, roderic_roman_lattice,
          minmay_strange_pillars, grunt_decor_arrowhead,
          ebering_dispersal_statue_hall, uniq_prince_ribbit1
D:7:      nicolae_cairo_tiling_very_big, layout_basic, kennysheep_mini_moat,
          enter_bailey_5, uniq_maggie
Temple:   compressed_dpeg_triangle_lava_temple
Bailey:   bailey_polearm_5, bailey

Skill      XL: |  1  2  3  4  5  6  7  8  9 |
---------------+----------------------------+-----
Maces & Flails | 3 4 5 6 7 8 10 11 | 11.8
Fighting       | 4 5 |  5.0
Armour         | 5 |  5.0
Shields        | 5 |  5.0
Evocations     | 1 |  1.2

Action                   |  1- 3 |  4- 6 |  7- 9 || total
-------------------------+-------+-------+-------++-------
Melee: Flail             |   122 |   130 |    42 ||   294
       Morningstar       |       |       |   290 ||   290
Evoke: Wand              |       |       |     2 ||     2
  Use: Scroll            |       |     4 |     6 ||    10
       Potion            |       |     2 |     2 ||     4
Armor: Scale mail        |    71 |    52 |   203 ||   326
       Skin              |       |    12 |     4 ||    16
Dodge: Dodged            |    71 |    45 |   164 ||   280
Block: Buckler           |    40 |    25 |    92 ||   157

Table legend: (Time is in decaauts)
 A = Elapsed time spent in this place.
 B = Non-inter-level travel time spent in this place.
 C = Inter-level travel time spent in this place.
 D = Time resting spent in this place.
 E = Time spent auto-exploring this place.
 F = Levels seen in this place.
 G = Mean time per level.
                   A        B        C        D        E       F      G
               +--------+--------+--------+--------+--------+-----+--------+
         Total |   8270 |   8054 |    216 |    478 |   5887 |  10 |  827.0 |
       Dungeon |   6876 |   6677 |    199 |    267 |   5091 |   7 |  982.3 |
        Temple |    215 |    198 |     17 |      0 |    191 |   1 |  215.0 |
         Sewer |    813 |    813 |      0 |      0 |    552 |   1 |  813.0 |
        Bailey |    365 |    365 |      0 |    211 |     53 |   1 |  365.0 |
               +--------+--------+--------+--------+--------+-----+--------+

Top non-repeatable levels by time:
     D:5: 1467 daAuts
     D:2: 1235 daAuts
     D:4: 1142 daAuts
     D:6: 1024 daAuts
     D:1: 1011 daAuts
     D:3: 960 daAuts
   Sewer: 813 daAuts
  Bailey: 365 daAuts
  Temple: 215 daAuts
     D:7: 35 daAuts
